 Dungeon Crawl Stone Soup version 0.31-a0-358-gac0dbeb3ab (webtiles) character file.

Game seed: 6177039156428894072

4599 Bnni the Mimic (level 10, -7/69 (71) HPs)
             Began as an Octopode Shapeshifter on July 25, 2023.
             Was an Initiate of Gozag.
             Killed by vampiric draining
             ... invoked by a vampire
              (13 damage)
             ... on level 8 of the Dungeon.
             The game lasted 00:12:57 (6942 turns).

Bnni the Mimic (Octopode Shapeshifter)              Turns: 6942, Time: 00:12:58

HP:   -7/69 (71)    AC:  1    Str: 15    XL:     10   Next: 41%
MP:   10/10         EV: 14    Int: 11    God:    Gozag
Gold: 671           SH:  4    Dex: 16    Spells: 9/9 levels left

rFire   . .          .
                       - Unarmed
rCold   . . .        k - +0 buckler
rNeg    . . .        w - melded +1 hat
rPois   +            q - amulet of regeneration
rElec   .            F - ring of poison resistance
rCorr   .            (no ring)
SInv    .            (no ring)
Will    .....        (no ring)
Stlth   ++++         (no ring)
HPRegen 1.11/turn    (no ring)
MPRegen 0.12/turn    (no ring)
                     (no ring)

%: no passive effects
@: beast-form, lightly drained
A: beast (slay +6), almost no armour, amphibious, 8 rings, camouflage 1,
gelatinous body 1, (nimble swimmer 1), tentacles
a: Begin Untransformation, Renounce Religion, Potion Petition, Call Merchant,
Bribe Branch


You were on level 8 of the Dungeon.
You worshipped Gozag.
Gozag was pleased with you.
You were a hulking beast.
You visited 2 branches of the dungeon, and saw 9 of its levels.
You also visited: Sewer.

You collected 953 gold pieces.
You paid 282 gold pieces to Gozag.

Inventory:

Hand Weapons
 e - a +0 dagger of venom
Missiles
 v - 7 poisoned darts
Armour
 k - a +0 buckler (worn)
 w - a +1 hat (melded)
Jewellery
 q - an amulet of regeneration (around mantle)
 F - a ring of poison resistance (left tentacle)
Talismans
 b - a beast talisman
Wands
 j - a wand of polymorph (3)
 C - a wand of flame (12)
 H - a wand of paralysis (12)
Scrolls
 c - a scroll of fear
 d - 3 scrolls of teleportation
 f - a scroll of brand weapon {unknown}
 l - 2 scrolls of revelation {unknown}
 n - 2 scrolls of fog {unknown}
 o - 2 scrolls of vulnerability {unknown}
 p - a scroll of enchant weapon {unknown}
 r - a scroll of amnesia {unknown}
 s - 3 scrolls of blinking {unknown}
 u - a scroll of noise {unknown}
 y - 2 scrolls of identify {unknown}
 E - a scroll of poison {unknown}
 G - a scroll of enchant armour {unknown}
Potions
 a - 2 potions of lignification
 g - 2 potions of might {unknown}
 h - a potion of curing
 i - 2 potions of ambrosia {unknown}
 m - 2 potions of degeneration {unknown}
 t - 4 potions of heal wounds {unknown}
 x - 3 potions of brilliance {unknown}
 z - 2 potions of cancellation {unknown}
 A - a potion of magic {unknown}
 B - a potion of mutation {unknown}
 D - 3 potions of attraction {unknown}


   Skills:
 + Level 7.0 Fighting
 + Level 4.0 Dodging
 + Level 4.6 Stealth
 + Level 7.7 Unarmed Combat
 * Level 9.0 Shapeshifting


You had 9 spell levels left.
You didn't know any spells.
Your spell library contained the following spells:

 Spells                   Type           Power      Damage    Failure   Level
 Sandblast                Erth           0%         2d4       43%         1
 Passwall                 Tmut/Erth      0%         N/A       58%         2
 Stone Arrow              Conj/Erth      0%         3d7       82%         3


Dungeon Overview and Level Annotations

Branches:
Dungeon (8/15)             Temple (1/1) D:4           Sewer (visited)
   Lair: D:8-11

Altars:
Ashenzari
Cheibriados
Dithmenos
Elyvilon
Gozag
Hepliaklqana
Kikubaaqudgha
Makhleb
Okawaru
Qazlal
Ru
Sif Muna
Trog
Uskayaw
Vehumet
Wu Jian
Xom
Yredelemnul
Zin
The Shining One


Innate Abilities, Weirdness & Mutations

You are a hulking beast.
Your limbs bulge with bestial killing power. (Slay +6)
You cannot wear most types of armour.
You are amphibious.
You can wear up to eight rings at the same time.
Your skin changes colour to match your surroundings (Stealth+).
Your rubbery body absorbs attacks. (AC +1, EV +1)
((You are camouflaged when in or above water. (Stealth+)))
You have tentacles for arms and can constrict up to eight enemies at once.


Message History

* * * LOW HITPOINT WARNING * * *
Something draws strength from your injuries!
You feel better. Something hits you!
* * * LOW HITPOINT WARNING * * *
Something bites you.
* * * LOW HITPOINT WARNING * * *
Something draws strength from your injuries! [a] - 184 gold - heal wounds and curing [b] - 390 gold - haste and heal wounds [c] - 648 gold - resistance, might and haste Purchase which effect?
You no longer have enough gold to fund merchants seeking to open stores in the dungeon.
You feel much better.
You feel better. Something draws life force from you!
* * * LOW HITPOINT WARNING * * *
You closely miss something. You tentacle-slap something.
Something hits you but does no damage. You block something's attack.
You closely miss something. You block something's attack. Something bites you.
* * * LOW HITPOINT WARNING * * *
Something draws strength from your injuries!
You completely miss something. You block something's attack.
Something bites you!
* * * LOW HITPOINT WARNING * * *
Something draws strength from your injuries!
You barely miss something. Something hits you.
* * * LOW HITPOINT WARNING * * *
Something barely misses you.
You miss something. Something hits you!
* * * LOW HITPOINT WARNING * * *
Something bites you.
* * * LOW HITPOINT WARNING * * *
Something draws strength from your injuries!
Okay, then.
Okay, then.
You feel better. Something hits you!
* * * LOW HITPOINT WARNING * * *
Something barely misses you.
You bludgeon something! You tentacle-slap something.
Something draws life force from you!
You die...
Your body crumbles into a pile of gold.

#......#
#.........#...# ..
#[..)..#
#...##...###+## ..
#......##########...#
.. #...........#
#...# ..
#...........# ....# .
# #######.....# ....#
.. #.....#####+###...
#.................
#......h..........
#.......{.........
....................
....####.............
..... #####.........
..... #.....>... ....
#######... ... ##


There were no monsters in sight!

Vanquished Creatures
  A hornet (D:7)
  Grinder (Sewer)
  A wyvern (D:7)
  Eustachio (D:4)
  9 yaks
  A black bear (D:5)
  An orc warrior (D:8)
  3 sky beasts
  An ice beast (D:7)
  An ogre (D:7)
  A centaur (D:7)
  3 phantoms
  2 gnoll sergeants
  2 bullfrogs
  3 scorpions
  A necrophage (Sewer)
  7 wights
  A howler monkey (D:4)
  A gnoll bouda (D:7)
  An orc priest (D:8)
  4 hounds
  4 jellies
  A sleepcap (D:5)
  5 iguanas
  2 orc wizards
  14 gnolls
  4 adders
  5 shadow imps
  A white imp (D:8)
  2 ufetubi (Sewer)
  6 worms
  2 dart slugs
  7 orcs
  A bat zombie (Sewer)
  6 endoplasms
  6 giant cockroaches
  10 hobgoblins
  7 jackals
  25 kobolds
  5 quokkas
  5 ball pythons
  5 bats
  7 goblins
  5 rats
181 creatures vanquished.

Notes
Turn   | Place    | Note
-------+----------+-------------------------------------------
     0 | D:1      | Bnni the Octopode Shapeshifter began the quest for the Orb.
     0 | D:1      | Reached XP level 1. HP: 13/13 MP: 1/1
   203 | D:1      | Reached XP level 2. HP: 18/18 MP: 2/2
   908 | D:2      | Reached XP level 3. HP: 23/23 MP: 3/3
  1412 | D:3      | Found a hazy altar of Hepliaklqana.
  1427 | D:3      | Reached XP level 4. HP: 29/29 MP: 4/4
  1482 | D:3      | Found a bloodstained altar of Trog.
  1506 | D:3      | Found a white marble altar of Elyvilon.
  1692 | D:3      | Found a faded altar of an unknown god.
  1847 | D:4      | Noticed Eustachio
  1965 | D:4      | Reached skill level 4 in Shapeshifting
  1968 | D:4      | Killed Eustachio
  1969 | D:4      | Reached XP level 5. HP: 17/36 MP: 5/5
  1969 | D:4      | Reached XP level 6. HP: 20/41 MP: 6/6
  2035 | D:4      | Found a staircase to the Ecumenical Temple.
  2048 | Temple   | Entered the Ecumenical Temple
  2081 | D:4      | Found a shadowy altar of Dithmenos.
  2625 | D:5      | Entered Level 5 of the Dungeon
  2702 | D:5      | Found a shimmering blue altar of Sif Muna.
  2734 | D:5      | Reached skill level 5 in Shapeshifting
  2745 | D:5      | Reached XP level 7. HP: 42/46 MP: 7/7
  2915 | D:5      | Found a glowing drain.
  2924 | Sewer    | Entered a sewer
  2990 | Sewer    | Reached skill level 5 in Unarmed Combat
  3054 | Sewer    | Found an ancient bone altar of Kikubaaqudgha.
  3111 | Sewer    | Noticed Grinder
  3135 | Sewer    | Paralysed by Grinder for 4 turns
  3142 | Sewer    | Paralysed by Grinder for 3 turns
  3145 | Sewer    | Killed Grinder
  3146 | Sewer    | Reached skill level 6 in Shapeshifting
  3146 | Sewer    | Reached XP level 8. HP: 16/54 MP: 8/8
  3416 | D:5      | Found a sacrificial altar of Ru.
  3635 | D:5      | Found an opulent altar of Gozag.
  3807 | D:5      | Became a worshipper of Gozag Ym Sagoz the Greedy
  3999 | D:6      | Reached skill level 5 in Fighting
  4247 | D:6      | Reached skill level 7 in Shapeshifting
  4272 | D:6      | Noticed a yak
  4273 | D:6      | Noticed a yak
  4305 | D:6      | Killed a yak
  4314 | D:6      | Noticed a yak
  4316 | D:6      | Noticed a yak
  4349 | D:5      | Killed a yak
  4350 | D:5      | Reached XP level 9. HP: 47/61 MP: 9/9
  4443 | D:6      | Found a radiant altar of Vehumet.
  4489 | D:6      | Found a shimmering altar of Xom.
  5307 | D:7      | Noticed a hornet
  5326 | D:7      | Reached skill level 8 in Shapeshifting
  5399 | D:7      | Reached skill level 1 in Stealth
  5473 | D:7      | Killed a hornet
  5694 | D:7      | Found a glowing silver altar of Zin.
  5804 | D:7      | Reached XP level 10. HP: 62/69 MP: 10/10
  6716 | D:8      | Reached skill level 9 in Shapeshifting
  6932 | D:8      | HP: 1/69 [something (6)]
  6940 | D:8      | HP: 3/69 [something (7)]
  6942 | D:8      | Killed from afar by a vampire

Illustrated notes

Levels and vault maps discovered:
D:1:      dpeg_arrival_line_fractal, layout_basic, kennysheep_boxes
D:2:      layout_loops_cross
D:3:      layout_basic, elyvilon_altar_3, mainiacjoe_overflow_catwalk,
          mainiacjoe_overflow_tiny_flanked, chequers_ecumenical_altar_simple
D:4:      layout_basic, grunt_dithmenos_smoke_and_mirrors,
          minmay_temple_entry_mini_moons, uniq_eustachio
D:5:      layout_basic, nicolae_gozag_cash_rules_everything_around_me,
          nicolae_sif_muna_condensation, amcnicky_altar_gilded,
          lightli_sewer_entry_pipes, serial_park_tiny_pond, skrybe_limestone_x
D:6:      layout_layer_cave, mainiacjoe_overflow_cross_hatched,
          nicolae_vehumet_altar_sigil, uniq_grinder
D:7:      layout_basic, lemuel_doored_altar
D:8:      layout_gridville
Temple:   compressed_dpeg_circular_temple

Skill      XL: |  1  2  3  4  5  6  7  8  9 10 |
---------------+-------------------------------+-----
Fighting       | 2 3 4 5 6 7 |  7.0
Shapeshifting  | 4 5 6 7 8 9 |  9.0
Unarmed Combat | 4 5 6 7 |  7.7
Stealth        | 3 4 |  4.6
Dodging        | 3 4 |  4.0

Action                     |  1- 3 |  4- 6 |  7- 9 | 10-12 || total
---------------------------+-------+-------+-------+-------++-------
  Melee: Unarmed           |    25 |       |    27 |    83 ||   135
         Constrict         |    24 |    21 |    59 |     9 ||   113
         Tentacles         |    12 |    19 |    79 |    30 ||   140
         Dagger            |    40 |    74 |   237 |       ||   351
         Punch             |     2 |     4 |    23 |     5 ||    34
  Throw: Dart              |       |       |    11 |       ||    11
 Invoke: Potion Petition   |       |       |       |     1 ||     1
Ability: Begin Untransform |       |       |     2 |       ||     2
  Evoke: Wand              |       |     1 |     4 |       ||     5
    Use: Scroll            |       |     1 |       |     2 ||     3
         Potion            |       |       |       |     5 ||     5
   Stab: Sleeping          |    12 |     8 |     7 |     2 ||    29
 Armour: Skin              |     4 |     3 |    12 |     4 ||    23
  Dodge: Dodged            |    30 |    39 |   163 |    37 ||   269
  Block: Buckler           |       |     5 |    31 |    17 ||    53
   Form: Beast             |       |       |     2 |       ||     2

Table legend: (Time is in decaauts)
 A = Elapsed time spent in this place.
 B = Non-inter-level travel time spent in this place.
 C = Inter-level travel time spent in this place.
 D = Time resting spent in this place.
 E = Time spent auto-exploring this place.
 F = Levels seen in this place.
 G = Mean time per level.
                   A        B        C        D        E       F      G
               +--------+--------+--------+--------+--------+-----+--------+
         Total |   6947 |   6699 |    248 |    589 |   4498 |  10 |  694.7 |
       Dungeon |   6556 |   6308 |    248 |    496 |   4371 |   8 |  819.5 |
        Temple |      1 |      1 |      0 |      0 |      0 |   1 |    1.0 |
         Sewer |    390 |    390 |      0 |     93 |    127 |   1 |  390.0 |
               +--------+--------+--------+--------+--------+-----+--------+

Top non-repeatable levels by time:
     D:7: 1227 daAuts
     D:6: 1140 daAuts
     D:5: 958 daAuts
     D:1: 751 daAuts
     D:4: 672 daAuts
     D:2: 647 daAuts
     D:8: 606 daAuts
     D:3: 552 daAuts
   Sewer: 390 daAuts
  Temple: 1 daAuts
